 Dungeon Crawl Stone Soup version 0.18.1-48-g4cf74bf (webtiles) character file.

25489 lafkat the Spear-Bearer (level 13, -3/103 HPs)
             Began as a Merfolk Ice Elementalist on July 21, 2016.
             Was an Elder of Okawaru.
             Slain by a catoblepas (7 damage)
             ... on level 3 of the Lair of Beasts.
             The game lasted 01:39:04 (22730 turns).

lafkat the Spear-Bearer (Merfolk Ice Elementalist) Turns: 22730, Time: 01:39:05

Health: -3/103     AC: 12    Str: 10    XL:     13   Next: 19%
Magic:  24/25      EV:  2    Int: 18    God:    Okawaru [****..]
Gold:   1062       SH:  0    Dex: 17    Spells: 4 memorised, 19 levels left

rFire  . . .     SeeInvis .     y - +2 spear (venom)
rCold  . . .     Gourm    .     (no armour)
rNeg   + + +     Faith    .     (no shield)
rPois  ∞         Spirit   .     S - +2 helmet {Int+3}
rElec  .         Dismiss  .     l - +2 cloak {MR+}
rCorr  .         Reflect  .     J - +1 pair of gloves
SustAt +         Harm     .     (no boots)
MR     +....                    E - amulet of rage
Stlth  ++++......               W - +4 ring of protection
                                K - ring of sustain attributes

@: petrified, heroism, somewhat resistant to hostile enchantments, stealthy
A: change form in water, swift swim
a: Heroism, Renounce Religion, Evoke Berserk Rage


You were on level 3 of the Lair of Beasts.
You worshipped Okawaru.
Okawaru was greatly pleased with you.
You were not hungry.

You visited 4 branches of the dungeon, and saw 18 of its levels.

You collected 1416 gold pieces.
You spent 354 gold pieces at shops.

Inventory:

Hand Weapons
 k - a +0 glaive of flaming
 p - a +4 spear
 q - a +3 trident
 y - a +2 spear of venom (weapon)
Armour
 h - a +0 pair of gloves
 l - a +2 cloak of magic resistance (worn)
 r - a +2 chain mail of fire resistance
 J - a +1 pair of gloves (worn)
 S - a +2 helmet of intelligence (worn)
 T - the +0 robe of Beauty {rElec rC+ Regen+}
   (You bought it in a shop on level 7 of the Dungeon)

   It protects you from cold.
   It insulates you from electricity.
   It increases your rate of regeneration.
 Y - a +1 robe of cold resistance
Jewellery
 E - an amulet of rage (around neck)
 H - an uncursed amulet of regeneration
 K - a ring of sustain attributes (left hand)
 O - an uncursed ring of fire
 R - an uncursed amulet of harm
 V - a cursed amulet of inaccuracy {unknown}
 W - a +4 ring of protection (right hand)
Wands
 i - a wand of teleportation (3/9)
 D - a wand of disintegration (1/24)
 N - a wand of paralysis (11/24)
 Q - a wand of random effects (36/48)
Scrolls
 e - a scroll of amnesia
 g - a scroll of magic mapping
 t - 3 scrolls of noise
 v - 3 scrolls of remove curse
Potions
 d - a potion of ambrosia
 m - a potion of might
 u - a potion of cancellation
 z - a potion of lignification
 G - a potion of resistance
 M - a potion of experience {unknown}
Books
 b - a book of Frost

   Spells                             Type                      Level
   a - Freeze                         Ice                          1
   b - Throw Frost                    Conjuration/Ice              2
   c - Ozocubu's Armour               Charms/Ice                   3
   d - Throw Icicle                   Conjuration/Ice              4
   e - Summon Ice Beast               Ice/Summoning                4
 f - a book of Geomancy

   Spells                             Type                      Level
   a - Sandblast                      Earth                        1
   b - Passwall                       Transmutation/Earth          2
   c - Stone Arrow                    Conjuration/Earth            3
   d - Petrify                        Transmutation/Earth          4
   e - Lee's Rapid Deconstruction     Earth                        5
 j - a book of the Sky

   Spells                             Type                      Level
   a - Summon Lightning Spire         Summoning/Air                4
   b - Airstrike                      Air                          4
   c - Silence                        Hexes/Air                    5
   d - Deflect Missiles               Charms/Air                   6
   e - Conjure Ball Lightning         Conjuration/Air              6
   f - Tornado                        Air                          9
 C - a book of Callings

   Spells                             Type                      Level
   a - Summon Small Mammal            Summoning                    1
   b - Call Imp                       Summoning                    2
   c - Call Canine Familiar           Summoning                    3
   d - Summon Guardian Golem          Hexes/Summoning              3
   e - Summon Lightning Spire         Summoning/Air                4
   f - Summon Ice Beast               Ice/Summoning                4
 L - a Grand Grimoire

   Spells                             Type                      Level
   a - Monstrous Menagerie            Summoning                    7
   b - Summon Greater Demon           Summoning                    7
   c - Malign Gateway                 Summoning/Translocation      7
   d - Summon Horrible Things         Summoning                    8
Comestibles
 c - 13 bread rations
 A - a beef jerky


   Skills:
 * Level 10.2(15.2) Fighting
 * Level 12.2(17.2) Polearms
 + Level 1.9(6.9) Armour
 * Level 11.8(16.8) Dodging
 - Level 2.1(7.1) Stealth
 * Level 8.8 Spellcasting
 + Level 4.3 Conjurations
 + Level 7.2 Charms
 + Level 7.6 Ice Magic
 + Level 4.1 Invocations
 + Level 4.3 Evocations


You had 19 spell levels left.
You knew the following spells:

 Your Spells              Type           Power        Failure   Level  Hunger
a - Freeze                Ice            ####         1%          1    None
b - Throw Frost           Conj/Ice       ####..       1%          2    None
c - Ozocubu's Armour      Chrm/Ice       ####....     1%          3    None
d - Throw Icicle          Conj/Ice       ####....     10%         4    ###....


Dungeon Overview and Level Annotations

Branches:
Dungeon (12/15)            Temple (1/1) D:6            Lair (3/8) D:11
    Orc (2/2) D:11            Elf (0/3) Orc:2
  Swamp: Lair:3-6    Shoals: Lair:3-6     Snake: Lair:3-6    Spider: Lair:3-6

Altars:
Ashenzari
Cheibriados
Dithmenos
Elyvilon
Fedhas
Gozag
Kikubaaqudgha
Makhleb
Nemelex Xobeh
Okawaru
Pakellas
Qazlal
Ru
Sif Muna
Trog
Vehumet
Xom
Yredelemnul
Zin
The Shining One
Beogh

Shops:
D:7 *   D:9 [   D:10 (   D:11 (   Orc:1 =

Annotations:
D:12 Nessos
Lair:1 exclusion: oklob plant


Message History

Your limbs are stiffening.
You gain the combat prowess of a mighty hero.
You feel slightly more hungry.
You are engulfed in calcifying dust.
The catoblepas gores you!! The catoblepas barely misses you.
You have turned to stone.
The catoblepas gores you!! x2
The catoblepas gores you.
The catoblepas breathes a plume of calcifying dust at you.
The blast of calcifying dust hits you!
You are engulfed in calcifying dust.
The catoblepas gores you!
You are engulfed in calcifying dust.
The catoblepas gores you!!
* * * LOW HITPOINT WARNING * * *
You are engulfed in calcifying dust.
The catoblepas gores you!!
* * * LOW HITPOINT WARNING * * *
You are engulfed in calcifying dust.
The catoblepas stomps with a crash on the ground.
The catoblepas gores you!!
* * * LOW HITPOINT WARNING * * *
The catoblepas gores you!
You die...

....$#...............
.##..................
#..................
###...............#
##...§..........P
#......<.......#
#..#.###########
#P.#§### #...@..#
###.Y.......
.⌠.##....+# #....
...... #⌠.>. ......
...... ..... #.##...
..... ## .#.. ....


You could see a catoblepas.

Vanquished Creatures
  Fannar (D:12)
  A hydra (Lair:2)
  Erica (Lair:1)
  Urug (D:10)
  An orc high priest (Orc:2)
  2 orc knights (Orc:1)
  An orc sorcerer (Orc:1)
  2 ugly things
  A manticore (D:11)
  A cyclops (Orc:2)
  A gargoyle (D:10)
  8 spiny frogs
  3 trolls
  2 two-headed ogres (D:12)
  A shadow (D:12)
  31 yaks
  A human (D:11)
  3 fire bats (Lair:2)
  4 hippogriffs
  A mottled dragon (D:12)
  3 wargs
  5 water moccasins
  Duvessa (D:7)
  2 black bears
  20 orc warriors
  5 ice beasts
  2 sky beasts
  A phantom (D:6)
  14 ogres
  4 wolves (Lair:2)
  3 centaurs
  2 crocodiles (Lair:2)
  2 big kobolds
  10 giant frogs
  A gnoll sergeant (D:5)
  Dowan (D:7)
  2 scorpions
  A jelly (D:6)
  6 killer bees (D:11)
  4 wights (D:11)
  5 howler monkeys
  3 crimson imps
  A wasp zombie (D:9)
  A quasit (D:9)
  6 hounds
  16 orc wizards
  24 orc priests
  A centaur skeleton (D:12)
  7 iguanas
  8 worker ants
  12 sheep (Lair:2)
  A hound skeleton (D:6)
  A howler monkey zombie (D:7)
  A worker ant zombie (D:6)
  9 gnolls
  A howler monkey skeleton (D:9)
  14 adders
  23 river rats
  4 shadow imps
  2 oozes
  An adder zombie (D:8)
  3 adder skeletons
  2 worms
  5 giant geckos
  66 orcs
  5 ball pythons
  3 giant cockroaches
  4 goblins
  8 hobgoblins
  9 jackals
  15 kobolds
  10 quokkas
  A ball python zombie (D:5)
  6 bats
  A giant gecko skeleton (D:4)
  6 giant newts
  A quokka zombie (D:8)
  11 rats
453 creatures vanquished.

Vanquished Creatures (others)
  An orc (Orc:1)
  2 fungi (Lair:2)
3 creatures vanquished.

Grand Total: 456 creatures vanquished

Notes
Turn   | Place    | Note
--------------------------------------------------------------
     0 | D:1      | lafkat the Merfolk Ice Elementalist began the quest for the Orb.
     0 | D:1      | Reached XP level 1. HP: 13/13 MP: 3/3
   143 | D:1      | Reached skill level 1 in Fighting
   199 | D:1      | Reached XP level 2. HP: 19/21 MP: 3/5
   279 | D:1      | Learned a level 2 spell: Throw Frost
   944 | D:2      | Reached XP level 3. HP: 27/27 MP: 1/6
   949 | D:2      | Learned a level 3 spell: Ozocubu's Armour
  1345 | D:2      | Found a deep blue altar of Sif Muna.
  1350 | D:2      | Found a shattered altar of Ashenzari.
  1351 | D:2      | Found a basalt altar of Yredelemnul.
  1516 | D:2      | Reached skill level 1 in Polearms
  1795 | D:3      | Reached XP level 4. HP: 33/33 MP: 1/7
  2246 | D:3      | HP: 1/34 [something/puff of flame (7)]
  2252 | D:3      | Reached skill level 1 in Conjurations
  2252 | D:3      | Reached XP level 5. HP: 2/39 MP: 0/9
  2839 | D:3      | Reached skill level 1 in Charms
  3476 | D:4      | Reached skill level 2 in Polearms
  3476 | D:4      | Reached XP level 6. HP: 41/47 MP: 3/10
  3747 | D:4      | Found an oddly glowing altar of Pakellas.
  4014 | D:5      | Entered Level 5 of the Dungeon
  4014 | D:5      | Found a snail-covered altar of Cheibriados.
  4160 | D:5      | Reached skill level 3 in Polearms
  4340 | D:5      | Noticed an ice beast
  4375 | D:5      | Reached XP level 7. HP: 39/52 MP: 7/11
  4792 | D:6      | Reached skill level 5 in Dodging
  4842 | D:6      | Reached skill level 1 in Evocations
  4862 | D:6      | Reached skill level 4 in Polearms
  4987 | D:6      | Reached XP level 8. HP: 61/61 MP: 4/13
  5614 | D:5      | Reached skill level 5 in Polearms
  6489 | D:6      | Found a staircase to the Ecumenical Temple.
  6507 | Temple   | Entered the Ecumenical Temple
  6602 | D:7      | Found Tilielyu's General Store.
  6602 | D:7      | Noticed Duvessa
  6604 | D:7      | Noticed Dowan
  6612 | D:6      | Reached skill level 5 in Fighting
  6757 | D:6      | Reached skill level 5 in Ice Magic
  6801 | D:7      | Killed Duvessa
  6850 | D:7      | Killed Dowan
  7076 | D:6      | Reached XP level 9. HP: 16/68 MP: 8/16
  7387 | D:6      | Reached skill level 6 in Polearms
  7972 | D:6      | Reached skill level 5 in Spellcasting
  8529 | D:6      | Reached skill level 7 in Polearms
  9432 | D:7      | Found a stormy altar of Qazlal.
  9569 | D:7      | Found a glowing golden altar of the Shining One.
  9601 | D:7      | Reached XP level 10. HP: 66/77 MP: 11/18
  9916 | D:8      | Learned a level 4 spell: Throw Icicle
 10526 | D:8      | Reached skill level 8 in Polearms
 11631 | D:9      | Found an iron altar of Okawaru.
 11641 | D:9      | Became a worshipper of Warmaster Okawaru
 11978 | D:9      | Found Nichikaff's Antique Armour Shoppe.
 11981 | D:9      | Bought a glowing helmet for 94 gold pieces
 12197 | D:8      | Reached skill level 5 in Charms
 12230 | D:7      | Bought the +0 robe of Beauty {rElec rC+ Regen+} for 260 gold pieces
 12307 | D:10     | Entered Level 10 of the Dungeon
 12386 | D:10     | Reached skill level 9 in Polearms
 12464 | D:10     | Noticed Urug
 12486 | D:10     | Killed Urug
 12486 | D:10     | Reached * piety under Okawaru
 12486 | D:10     | Reached XP level 11. HP: 43/85 MP: 17/21
 12697 | D:10     | Found Ademp's Antique Weapon Boutique.
 13012 | D:10     | Reached ** piety under Okawaru
 13336 | D:11     | Noticed a manticore
 13393 | D:11     | Noticed a green ugly thing
 13423 | D:10     | Killed a green ugly thing
 13522 | D:11     | Found a staircase to the Lair.
 13565 | D:10     | Reached skill level 1 in Invocations
 13637 | D:10     | Reached skill level 10 in Dodging
 13792 | D:11     | Killed a manticore
 13792 | D:11     | Reached skill level 10 in Polearms
 13817 | D:11     | Found a staircase to the Orcish Mines.
 14000 | D:10     | Reached *** piety under Okawaru
 14564 | D:11     | Found Letauho's Antique Weapon Shop.
 14777 | Lair:1   | Entered Level 1 of the Lair of Beasts
 15244 | Lair:1   | Reached **** piety under Okawaru
 15359 | Lair:1   | Reached XP level 12. HP: 89/94 MP: 18/23
 15633 | Lair:1   | Noticed Erica
 15660 | Lair:1   | Killed Erica
 16373 | Lair:2   | Reached ***** piety under Okawaru
 16504 | Lair:2   | Reached skill level 11 in Polearms
 16679 | Lair:2   | Found a dark tunnel.
 16966 | Lair:2   | Noticed a seven-headed hydra
 17009 | Lair:2   | Killed a seven-headed hydra
 17009 | Lair:2   | Received a gift from Okawaru
 17194 | Lair:2   | Reached skill level 1 in Armour
 18094 | Lair:3   | Noticed a catoblepas
 18167 | D:12     | Noticed Fannar
 18227 | Orc:1    | Entered Level 1 of the Orcish Mines
 18232 | Orc:1    | Noticed a sun demon
 18649 | Orc:2    | Entered Level 2 of the Orcish Mines
 18650 | Orc:2    | Found a roughly hewn altar of Beogh.
 18678 | Orc:1    | Found Yteyd's Jewellery Boutique.
 18941 | Orc:2    | Found a staircase to the Elven Halls.
 19617 | D:12     | Noticed Nessos
 19935 | D:12     | Killed Fannar
 19935 | D:12     | Reached skill level 10 in Fighting
 20862 | Orc:2    | Reached skill level 12 in Polearms
 20862 | Orc:2    | Reached XP level 13. HP: 103/103 MP: 16/25
 22729 | Lair:3   | HP: 3/103 [catoblepas (11)]
 22730 | Lair:3   | Slain by a catoblepas

Skill      XL: |  1  2  3  4  5  6  7  8  9 10 11 12 |
---------------+-------------------------------------+-----
Fighting       | 1 2 3 4 5 6 7 8 10 | 10.2
Dodging        | 3 4 5 6 8 9 10 11 | 11.8
Polearms       | 1 2 3 4 5 7 9 10 12 | 12.2
Conjurations   | 1 2 3 4 |  4.3
Charms         | 1 2 3 4 5 6 7 |  7.2
Ice Magic      | 4 5 6 7 |  7.6
Spellcasting   | 3 4 5 6 7 8 |  8.8
Evocations     | 1 2 3 4 |  4.3
Invocations    | 2 4 |  4.1
Armour         | 1 |  1.9
Stealth        | |  2.1

Action                   |  1- 3 |  4- 6 |  7- 9 | 10-12 | 13-15 || total
-------------------------+-------+-------+-------+-------+-------++-------
Melee: Unarmed           |    22 |       |       |       |       ||    22
       Tailslap          |     2 |       |       |       |       ||     2
       Spear             |    29 |   119 |   367 |  1205 |   154 ||  1874
       Punch             |       |       |       |     3 |       ||     3
 Cast: Freeze            |    53 |    55 |    89 |   186 |    20 ||   403
       Throw Frost       |     3 |    21 |    35 |    83 |     3 ||   145
       Ozocubu's Armour  |     1 |     6 |    22 |    58 |     7 ||    94
       Throw Icicle      |       |       |       |    86 |     9 ||    95
Invok: Heroism           |       |       |       |    13 |     2 ||    15
 Abil: Evoke Berserk Rag |       |       |     7 |     6 |     3 ||    16
Evoke: Wand              |       |       |       |    11 |       ||    11
  Use: Potion            |       |     2 |     3 |     7 |     2 ||    14
       Scroll            |       |     4 |    18 |    14 |     2 ||    38
 Stab: Sleeping          |     1 |     3 |       |       |       ||     4
       Distracted        |       |       |     1 |     2 |       ||     3
       Fleeing           |       |       |       |     1 |       ||     1
  Eat: Chunk             |     4 |    11 |    23 |    42 |     6 ||    86
       Beef jerky        |       |       |     1 |     7 |     1 ||     9
       Fruit             |       |       |     1 |     1 |       ||     2
       Bread ration      |       |       |       |     1 |       ||     1
Armor: Robe              |    15 |    33 |    93 |   150 |       ||   291
       Chain mail        |       |       |       |    72 |       ||    72
       Skin              |       |       |       |    37 |    17 ||    54
Dodge: Dodged            |    70 |    83 |   296 |   857 |   163 ||  1469
